Map: Battle on the Boardwalk LE

Players

Serral

  • Race: Zerg Zerg
  • League: Grandmaster
  • Spawn Location: 1:00

liquidthermy (uThermal) - Winner!

  • Race: Terran Terran
  • League: Grandmaster
  • Spawn Location: 11:00

Event: WESG Barcelona European Finals 2017

VOD

Have the link to the VOD?

Description

Time

  • Played on: Nov. 25, 2017, 9:41 a.m.
  • Length: 12:43

All games in this series

Show
View Real Time Build Order
Export as new Build Order

Serral Zerg 

Build Orders: Hatch First 

Get SALT Encoding   

  12  0:00  Drone  
  13  0:12  Overlord  
  13  0:17  Drone  
  14  0:31  Drone  
  14  0:32  Drone  
  16  0:48  Hatchery  
  15  0:52  Drone  
  15  0:55  Drone  
  17  1:09  Spawning Pool  
  16  1:14  Drone, Extractor  
  16  1:18  Drone  
  17  1:21  Drone  
  18  1:29  Drone  
  19  1:43  Overlord  
  19  1:56  Queen  
  19  1:57  Zergling x2  
  19  2:00  Zergling x2  
  23  2:01  Queen  
  23  2:02  Zergling x2  
  26  2:12  Drone x2  
  28  2:28  Hatchery  
  27  2:34  Metabolic Boost  
  27  2:37  Drone  
  27  2:40  Drone  
  28  2:44  Drone x2  
  30  2:51  Queen  
  30  2:57  Overlord  
  32  3:00  Drone  
  32  3:02  Drone  
  34  3:07  Drone  
  35  3:14  Overlord  
  35  3:17  Drone x3  
  35  3:19  Drone  
  39  3:22  Zergling x2  
  39  3:24  Zergling x2  
  39  3:25  Drone  
  42  3:31  Queen  
  44  3:38  Drone x3  
  47  3:43  Drone x2  
  47  3:46  Queen  
  51  3:54  Drone  
  51  3:55  Roach Warren  
  51  3:56  Drone  
  51  4:01  Drone x3  
  55  4:03  Drone  
  55  4:06  Drone  
  57  4:12  Overlord  
  57  4:13  Overlord  
  57  4:17  Overlord  
  57  4:20  Overlord  
  57  4:28  Overlord  
  57  4:29  Extractor  
  56  4:34  Drone x4  
  56  4:38  Drone x3  
  62  4:40  Zergling x4  
  62  4:42  Spore Crawler  
  63  4:46  Roach x4  
  63  4:52  Lair  
  71  4:57  Spore Crawler  
  71  4:59  Evolution Chamber  
  69  5:00  Roach  
  69  5:01  Roach  
  69  5:04  Drone x3  
  69  5:05  Overlord  
  76  5:08  Roach x2  
  76  5:10  Roach  
  76  5:11  Drone  
  76  5:13  Drone  
  76  5:14  Drone  
  85  5:19  Spore Crawler  
  85  5:20  Drone x2  
  86  5:22  Drone x2  
  86  5:24  Zerg Missile Weapons Level 1  
  86  5:27  Overlord  
  87  5:32  Roach x2  
  88  5:37  Drone x2, Overlord  
  88  5:39  Extractor  
  88  5:41  Overlord  
  89  5:43  Drone  
  89  5:49  Zergling x2  
  92  5:50  Zergling x10  
  92  5:51  Glial Reconstitution  
  92  5:53  Drone x2  
  92  5:56  Drone x3  
  101  6:02  Overseer  
  101  6:05  Overlord, Extractor  
  101  6:08  Overlord  
  101  6:10  Roach  
  102  6:15  Roach x4  
  102  6:17  Drone x4  
  114  6:21  Extractor  
  114  6:22  Extractor  
  114  6:23  Overlord  
  112  6:30  Drone x3  
  112  6:31  Infestation Pit  
  112  6:32  Hatchery  
  113  6:35  Drone  
  114  6:43  Drone x3  
  114  6:45  Drone x2  
  119  6:52  Hydralisk Den, Drone x3  
  119  6:55  Drone x4  
  123  7:05  Drone x5  
  123  7:06  Extractor  
  123  7:07  Spore Crawler, Roach x2  
  130  7:11  Extractor  
  130  7:12  Hive  
  130  7:14  Roach  
  131  7:20  Zerg Missile Weapons Level 2  
  131  7:23  Evolution Chamber  
  131  7:26  Drone x2  
  131  7:29  Overlord  
  132  7:35  Overlord  
  132  7:38  Overlord  
  132  7:40  Drone x2  
  132  7:41  Overlord x2  
  132  7:42  Overlord x3  
  132  7:59  Hydralisk x10  
  132  8:01  Queen  
  132  8:04  Muscular Augments  
  153  8:19  Zerg Ground Armor Level 1  
  153  8:23  Viper x2  
  153  8:24  Viper  
  153  8:26  Hatchery  
  161  8:31  Viper  
  164  8:37  Overlord x2  
  164  8:39  Overlord  
  162  8:50  Overlord  
  162  8:52  Hydralisk x3  
  162  8:53  Hydralisk x5  
  177  8:56  Drone x4  
  177  8:58  Evolution Chamber x2  
  177  8:59  Evolution Chamber  
  177  9:02  Viper x2  
  183  9:14  Spire  
  182  9:20  Drone x3  
  182  9:21  Spore Crawler, Extractor  
  182  9:22  Spine Crawler  
  182  9:24  Hydralisk, Extractor  
  181  9:25  Hydralisk x4  
  191  9:37  Zerg Missile Weapons Level 3  
  189  9:51  Hydralisk  
  189  9:52  Hydralisk x4  
  192  10:09  Queen  
  192  10:10  Drone x2  
  192  10:14  Pneumatized Carapace  
  179  10:23  Hydralisk x11  
  192  10:47  Hydralisk x2  
  192  10:48  Hydralisk x6  
  178  11:02  Roach x9  
  184  11:04  Greater Spire  
  184  11:07  Hydralisk x3  
  184  11:08  Roach x4  
  184  11:15  Viper  
  187  11:20  Roach x3  
  187  11:21  Roach x2  
  197  11:30  Viper  
  190  11:33  Roach x5  
  196  11:47  Hydralisk  
  196  11:50  Drone  
  186  12:01  Viper  
  181  12:08  Drone  
  181  12:09  Drone x3  
  181  12:10  Drone  
  181  12:13  Viper x2  
  192  12:16  Zergling x2, Roach x3  
Show
View Real Time Build Order
Export as new Build Order

liquidthermy Terran - Winner!

Build Orders: Reaper Expand, Hellion Banshee, Mech 

Get SALT Encoding   

  12  0:01  SCV  
  13  0:13  SCV  
  14  0:17  Supply Depot  
  14  0:25  SCV  
  15  0:38  SCV  
  15  0:42  Barracks  
  16  0:45  Refinery  
  16  0:50  SCV  
  17  1:03  SCV  
  18  1:15  SCV  
  19  1:29  Reaper, Orbital Command  
  20  1:39  Command Center  
  20  1:48  Supply Depot  
  20  1:55  SCV  
  20  2:01  Marine  
  21  2:07  SCV  
  23  2:08  Factory  
  23  2:14  Refinery  
  23  2:19  SCV  
  24  2:23  Barracks Reactor  
  24  2:31  SCV  
  25  2:44  SCV  
  26  2:51  Orbital Command  
  26  2:53  Starport  
  26  2:56  SCV  
  27  3:03  Hellion x2  
  31  3:08  SCV  
  31  3:10  Barracks Tech Lab  
  32  3:16  SCV  
  33  3:20  SCV  
  33  3:24  Hellion x2  
  38  3:29  SCV  
  38  3:32  SCV  
  40  3:34  Supply Depot  
  40  3:39  Cloaking Field, Viking  
  41  3:42  SCV  
  41  3:44  SCV  
  41  3:46  Hellion  
  45  3:56  Hellion  
  47  4:03  SCV x2  
  47  4:06  Command Center  
  47  4:09  Supply Depot  
  49  4:15  Banshee  
  53  4:17  Hellion  
  53  4:22  SCV  
  57  4:31  SCV, Supply Depot, Hellion  
  57  4:38  Armory  
  57  4:39  SCV, Armory  
  57  4:44  Refinery  
  57  4:45  Refinery  
  58  4:48  Hellion  
  62  4:53  Hellion  
  62  4:55  SCV  
  62  4:56  Supply Depot  
  62  4:57  SCV  
  64  5:07  SCV  
  64  5:12  SCV  
  64  5:14  Factory  
  66  5:15  Factory  
  66  5:18  Orbital Command  
  66  5:19  Barracks Tech Lab  
  66  5:20  SCV  
  67  5:23  Starport Reactor  
  67  5:24  SCV  
  70  5:32  SCV  
  72  5:35  Cyclone  
  72  5:36  Cyclone  
  72  5:41  SCV  
  76  5:44  SCV  
  76  5:46  SCV  
  78  5:51  Terran Vehicle Weapons Level 1  
  78  5:52  Terran Vehicle And Ship Armor Level 1  
  78  5:53  SCV  
  78  5:56  SCV  
  80  5:57  Supply Depot  
  80  5:58  SCV  
  81  6:05  SCV  
  81  6:08  SCV  
  81  6:10  SCV  
  84  6:14  Refinery  
  84  6:15  Refinery  
  84  6:16  Supply Depot  
  84  6:17  SCV  
  85  6:18  Thor  
  85  6:21  SCV  
  85  6:23  SCV  
  93  6:29  SCV, Supply Depot  
  93  6:31  Hellion x5  
  94  6:34  SCV  
  94  6:35  SCV  
  94  6:37  Hellion x2  
  94  6:38  Hellion  
  102  6:45  SCV  
  99  6:47  Medivac  
  99  6:50  SCV x2, Medivac  
  99  6:52  Supply Depot  
  105  6:57  SCV  
  105  6:58  Hellion  
  105  6:59  Supply Depot  
  108  7:02  SCV  
  109  7:10  Supply Depot  
  109  7:13  SCV x2, Siege Tank x2  
  109  7:14  Supply Depot  
  117  7:19  Supply Depot  
  117  7:20  SCV  
  117  7:21  Hellion  
  120  7:25  SCV x2  
  122  7:31  Factory, Supply Depot  
  122  7:32  Factory, SCV  
  122  7:36  Hellion  
  125  7:37  SCV  
  125  7:41  SCV, Engineering Bay  
  127  7:45  Siege Tank  
  127  7:49  Medivac x2  
  127  7:50  Hellion, Siege Tank  
  127  7:51  Supply Depot  
  139  8:00  Terran Vehicle And Ship Armor Level 2, Terran Vehicle Weapons Level 2  
  139  8:03  Hellion  
  141  8:05  Supply Depot  
  141  8:06  Supply Depot  
  141  8:15  Factory Tech Lab, Factory Reactor  
  141  8:16  Infernal Pre-Igniter  
  141  8:18  Siege Tank  
  144  8:24  Hellion, Siege Tank  
  149  8:29  Command Center  
  149  8:33  Hellion  
  151  8:36  Missile Turret  
  151  8:37  Hellion  
  150  8:45  Supply Depot  
  150  8:46  Hellion  
  150  8:50  Siege Tank  
  150  8:54  Hellion  
  150  8:55  Command Center  
  155  8:56  Siege Tank  
  155  8:58  Viking  
  155  8:59  Missile Turret, Viking  
  162  9:07  Supply Depot  
  162  9:08  Hellion, Siege Tank  
  167  9:11  Hellion  
  167  9:16  Hellion x2  
  173  9:22  Siege Tank  
  176  9:29  Hellion  
  178  9:33  SCV x3  
  178  9:34  Hellion  
  178  9:38  Smart Servos  
  183  9:40  Refinery, Hellion, Siege Tank  
  183  9:42  Refinery  
  183  9:45  SCV  
  189  9:46  Planetary Fortress  
  189  9:48  Hellion  
  185  9:55  Hellion, Siege Tank  
  185  9:57  Hellion  
  185  9:59  Hellion  
  194  10:02  Hellion  
  192  10:13  Hellion, Siege Tank  
  195  10:15  Hellion x15  
  195  10:18  Viking  
  191  10:22  Hellion, Siege Tank  
  196  10:31  Hellion, Viking  
  196  10:44  Hellion, Siege Tank  
  196  10:45  Hellion  
  196  10:46  Hellion x4  
  193  10:51  Siege Tank  
  193  10:52  Hellion  
  193  10:53  Hellion  
  193  10:54  Siege Tank  
  193  10:56  Viking  
  180  11:01  Viking  
  175  11:06  Hellion x2  
  171  11:12  Orbital Command  
  171  11:13  Hellion  
  171  11:16  Siege Tank  
  172  11:26  Viking  
  172  11:29  Hellion, Siege Tank  
  172  11:30  Hellion x2, Siege Tank  
  168  11:37  Viking  
  168  11:38  Hellion  
  172  11:48  Siege Tank  
  172  11:52  Hellion  
  177  11:55  Hellion x2  
  177  12:00  Hellion  
  180  12:01  Siege Tank  
  180  12:02  Siege Tank  
  180  12:05  Viking  
  180  12:07  Viking  
  184  12:13  Hellion  
  186  12:17  Hellion  
  186  12:19  Hellion  
Tags
 
Add a new tag
Caveats
  • Supply blocks, unpowered buildings, or Contaminate may cause inaccurate times.
  • Supply counts are checked every 10 seconds.